 Dungeon Crawl Stone Soup version 0.32-a0-485-g70f7560b1c (webtiles) character file.

Game seed: 13127012764909705641

23404 horus123 the Severer (level 12, -4/112 HPs)
             Began as a Mountain Dwarf Fighter on Feb 27, 2024.
             Was a High Priest of Qazlal.
             Slain by a 14-headed hydra (7 damage)
             ... on level 1 of the Lair of Beasts.
             The game lasted 00:20:48 (10210 turns).

horus123 the Severer (Mountain Dwarf Fighter)      Turns: 10210, Time: 00:20:50

Health: -4/112     AC: 18    Str: 27    XL:     12   Next: 71%
Magic:  16/16      EV: 10    Int: 10    God:    Qazlal [*****.]
Gold:   910        SH: 23    Dex: 11    Spells: 11/11 levels left

rFire   . . .        j - +3 war axe (venom)
rCold   + . .        c - +1 tower shield
rNeg    . . .        D - +3 scale mail "Noppi" {Slay+2}
rPois   .            o - +0 helmet
rElec   .            k - +0 cloak
rCorr   .            (no gloves)
SInv    .            C - +0 pair of boots
Will    +....        (no amulet) Stlth
                     f - +6 ring of strength
HPRegen 0.38/turn    q - ring of protection from cold
MPRegen 0.15/turn

%: repel missiles
@: protected from physical damage
A: runic magic, artefact enchanting
a: Renounce Religion, Upheaval, Elemental Force, Disaster Area


You were on level 1 of the Lair of Beasts.
You worshipped Qazlal.
Qazlal was extremely pleased with you.
You visited 2 branches of the dungeon, and saw 12 of its levels.
You also visited: Sewer.

You collected 910 gold pieces.

Inventory:

Hand Weapons
 j - a +3 war axe of venom (weapon)
Missiles
 v - 2 throwing nets
Armour
 c - a +1 tower shield (worn)
 k - a +0 cloak (worn)
 o - a +0 helmet (worn)
 C - a +0 pair of boots (worn)
 D - the +3 scale mail "Noppi" (worn) {Slay+2}
   (You found it on level 4 of the Dungeon)

   Slay+2:    It affects your accuracy & damage with ranged weapons and melee
   (+2).
 E - a +2 kite shield
Jewellery
 f - a +6 ring of strength (left hand)
 i - a ring of wizardry
 q - a ring of protection from cold (right hand)
 y - a +6 ring of dexterity
 H - a ring of protection from fire
 I - a ring of ice
Wands
 a - a wand of digging (20)
 w - a wand of flame (44)
 G - a wand of paralysis (7)
 J - a wand of roots (6)
Scrolls
 b - 5 scrolls of noise
 g - 3 scrolls of vulnerability
 l - 6 scrolls of poison
 m - 5 scrolls of teleportation
 r - 4 scrolls of immolation
 t - a scroll of amnesia
 u - 2 scrolls of revelation
 z - 2 scrolls of fog
 A - 2 scrolls of fear
Potions
 d - a potion of invisibility {unknown}
 e - 3 potions of lignification
 h - 4 potions of magic
 n - a potion of heal wounds
 p - a potion of ambrosia {unknown}
 s - 2 potions of degeneration
 x - 7 potions of curing
 B - a potion of haste {unknown}
 F - 3 potions of attraction {unknown}
 K - a potion of might


   Skills:
 - Level 12.0 Fighting
 - Level 16.0 Axes
 - Level 8.0 Armour
 - Level 5.0 Dodging
 - Level 10.0 Shields
 + Level 5.7 Invocations


You had 11 spell levels left.
You didn't know any spells.
Your spell library contained the following spells:

 Spells                   Type           Power      Damage    Failure   Level
 Summon Small Mammal      Summ           0%         N/A       80%         1
 Call Imp                 Summ           0%         N/A       91%         2
 Dazzling Flash           Conj/Hex       0%         N/A       99%         3
 Volatile Blastmotes      Fire/Tloc      0%         2d10      99%         3
 Anguish                  Hex/Necr       0%         N/A       100%        4
 Animate Dead             Necr           0%         N/A       100%        4
 Cause Fear               Hex            0%         N/A       100%        4
 Fulminant Prism          Conj/Alch      0%         3d5       100%        4
 Leda's Liquefaction      Alch/Erth      0%         N/A       100%        4
 Borgnjor's Vile Clutch   Necr/Erth      0%         N/A       100%        5
 Lee's Rapid Deconstruct  Erth           0%         3d4*      100%        5
 Bombard                  Conj/Erth      0%         9d1       100%        6
 Death Channel            Necr           0%         N/A       100%        6
 Starburst                Conj/Fire      0%         6d3       100%        6
 Enfeeble                 Hex            0%         N/A       100%        7
 Haunt                    Necr/Summ      0%         N/A       100%        7
 Monstrous Menagerie      Summ           0%         N/A       100%        7
 Maxwell's Capacitive Co  Air            0%         ∞         100%        8


Dungeon Overview and Level Annotations

Branches:
Dungeon (11/15)            Temple (0/1) D:4            Lair (1/5) D:11
  Sewer (visited)
    Orc: D:9-12

Altars:
Ashenzari
Cheibriados
Gozag
Hepliaklqana
Kikubaaqudgha
Nemelex Xobeh
Okawaru
Qazlal
Ru
Sif Muna
Trog
Uskayaw
Vehumet
Wu Jian
Yredelemnul
Zin
Beogh

Shops:
D:3 =   D:9 [


Innate Abilities, Weirdness & Mutations

Your spellcasting is much less encumbered by armour.
You can use scrolls of enchantment on lesser artefacts.


Message History

The 12-headed hydra bites you but does no damage.
You block the 12-headed hydra's attack. The 12-headed hydra bites you.
* * * LOW HITPOINT WARNING * * *
The 12-headed hydra bites you.
* * * LOW HITPOINT WARNING * * *
You feel more protected from physical attacks.
The 12-headed hydra bites you but does no damage. x2
You feel much better. You block the 12-headed hydra's attack.
The 12-headed hydra closely misses you. You block the 12-headed hydra's attack.
The 12-headed hydra closely misses you.
You block the 12-headed hydra's attack. x2
The 12-headed hydra bites you but does no damage. x2
The 12-headed hydra bites you.
You feel more protected from physical attacks.
The 12-headed hydra bites you but does no damage. x3
You lop one of the 12-headed hydra's heads off!
The 11-headed hydra grows two more!
You slice the 13-headed hydra!!
The 13-headed hydra is severely wounded.
The 13-headed hydra bites you. The 13-headed hydra misses you.
You block the 13-headed hydra's attack. x2; The 13-headed hydra misses you.
You block the 13-headed hydra's attack. x2
The 13-headed hydra bites you but does no damage. x2
The 13-headed hydra bites you. The 13-headed hydra bites you!
The 13-headed hydra barely misses you. The 13-headed hydra bites you.
* * * LOW HITPOINT WARNING * * *
You hack one of the 13-headed hydra's heads off!
The 12-headed hydra grows two more!
You slash the 14-headed hydra!
The 14-headed hydra is almost dead.
You hit the 14-headed hydra.
The 14-headed hydra is poisoned.
The 14-headed hydra is almost dead.
You block the 14-headed hydra's attack. The 14-headed hydra bites you.
* * * LOW HITPOINT WARNING * * *
You block the 14-headed hydra's attack. x3; The 14-headed hydra bites you!
* * * LOW HITPOINT WARNING * * *
The 14-headed hydra bites you!
* * * LOW HITPOINT WARNING * * *
The 14-headed hydra bites you!
* * * LOW HITPOINT WARNING * * *
The 14-headed hydra bites you but does no damage. x3
The 14-headed hydra bites you!
You die...

.####.#.#.###.#.##
.# #..###.....#.###
.# #........#....P#
.#####..........)..#
#...........###...##
.###.......#.###.##
..####......## #.##
..# ##..#### #..#
.## ##.# #@.# >####
#.......D§.....#
.##.#
#######.#.####.#
...## ###.. .#.# ###
#.# .#.######..##
#.# .............
... ....#.†..### ..#
....÷.[....#


You could see a 14-headed hydra (very poisoned).

Vanquished Creatures
  Gastronok (D:8)
  Erolcha (D:9)
  An ogre mage (D:11)
  2 boulder beetles (D:11)
  3 two-headed ogres
  Sonja (Lair:1)
  The ghost of AutarchDCSS the Skirmisher, a novice CoHu of Hepliaklqana (D:7)
  A deep elf pyromancer (D:10)
  A black mamba (Lair:1)
  A gargoyle (D:10)
  4 komodo dragons
  2 trolls (D:10)
  13 blink frogs (Lair:1)
  A shadow (D:10)
  2 slime creatures (D:6)
  A wraith (D:10)
  25 yaks
  3 wyverns
  A ynoxinul (D:10)
  4 vampire mosquitoes (D:10)
  Grum (D:8)
  3 acid dragons
  6 water moccasins
  Pargi (Sewer)
  3 black bears
  3 ogres (D:11)
  2 orc warriors
  A centaur (D:9)
  4 wolves (D:8)
  3 phantoms
  6 kobold brigands
  A brain worm (Sewer)
  7 bullfrogs
  A gnoll sergeant (D:10)
  4 scorpions
  15 wights
  15 killer bees
  3 howler monkeys (D:9)
  3 bombardier beetles
  5 jellies (D:6)
  3 quasits (D:7)
  9 hounds
  9 orc priests
  2 gnoll boudas
  Jessica (D:2)
  2 sleepcaps
  Ijyb (D:3)
  Terence (D:2)
  12 orc wizards
  An iguana (D:5)
  15 gnolls
  15 adders
  A shadow imp (D:6)
  2 white imps
  4 dart slugs
  35 orcs
  6 ball pythons
  6 bats
  17 endoplasms
  12 giant cockroaches
  8 hobgoblins
  3 quokkas
  3 frilled lizards
  4 goblins
  24 kobolds
  3 rats
355 creatures vanquished.

Notes
Turn   | Place    | Note
-------+----------+-------------------------------------------
     0 | D:1      | horus123 the Mountain Dwarf Fighter began the quest for the
                  | Orb.
     0 | D:1      | Reached XP level 1. HP: 19/19 MP: 1/1
    82 | D:1      | Found a faded altar of an unknown god.
   147 | D:1      | Reached skill level 3 in Axes
   232 | D:1      | Reached XP level 2. HP: 26/26 MP: 2/2
   496 | D:1      | Reached skill level 4 in Axes
   745 | D:2      | Noticed Jessica
   751 | D:2      | Killed Jessica
   752 | D:2      | Reached XP level 3. HP: 18/31 MP: 3/3
   831 | D:2      | Found a hazy altar of Hepliaklqana.
   847 | D:2      | Noticed Terence
   859 | D:2      | Killed Terence
   860 | D:2      | Reached skill level 5 in Axes
   860 | D:2      | Reached XP level 4. HP: 32/38 MP: 4/4
  1333 | D:3      | Found Hucis's Jewellery Shop.
  1343 | D:3      | Reached skill level 6 in Axes
  1486 | D:3      | Reached XP level 5. HP: 45/45 MP: 5/5
  1574 | D:3      | Found an ornate altar of the Wu Jian Council.
  1618 | D:3      | Found a stormy altar of Qazlal.
  1618 | D:3      | Noticed Ijyb
  1636 | D:3      | Killed Ijyb
  1789 | D:3      | Became a worshipper of Qazlal Stormbringer
  1970 | D:4      | Reached skill level 7 in Axes
  1975 | D:4      | Found an opulent altar of Gozag.
  2114 | D:4      | Found a glowing drain.
  2142 | Sewer    | Entered a sewer
  2159 | Sewer    | Noticed Pargi
  2178 | Sewer    | Killed Pargi
  2179 | Sewer    | Reached skill level 8 in Axes
  2179 | Sewer    | Reached XP level 6. HP: 36/52 MP: 6/6
  2483 | D:4      | Reached skill level 5 in Fighting
  2489 | D:4      | Reached * piety under Qazlal
  2501 | D:4      | Reached XP level 7. HP: 34/61 MP: 7/7
  2840 | D:4      | Found a sparkling altar of Nemelex Xobeh.
  2908 | D:4      | Identified the +3 scale mail "Noppi" {Slay+2}
  3106 | D:4      | Found a staircase to the Ecumenical Temple.
  3194 | D:4      | Found a broken altar of Ashenzari.
  3346 | D:5      | Entered Level 5 of the Dungeon
  3487 | D:5      | Reached skill level 5 in Armour
  3532 | D:5      | Found a basalt altar of Yredelemnul.
  3532 | D:5      | Found a glowing silver altar of Zin.
  3551 | D:5      | Reached XP level 8. HP: 73/73 MP: 8/8
  3798 | D:5      | Got Ileigg's Lessons on Mustering
  3827 | D:5      | Found an iron altar of Okawaru.
  3940 | D:6      | Reached ** piety under Qazlal
  4298 | D:6      | Reached skill level 1 in Dodging
  4361 | D:6      | Noticed a slime creature
  4361 | D:6      | Noticed a slime creature
  4371 | D:6      | Killed a slime creature
  4372 | D:6      | Reached XP level 9. HP: 50/79 MP: 9/9
  4510 | D:6      | Noticed a +0 dagger
  4511 | D:6      | Noticed a +0 falchion
  4513 | D:6      | Noticed a +0 short sword
  4513 | D:6      | Noticed a +0 dagger
  4513 | D:6      | Noticed a +0 spear
  4530 | D:6      | Noticed a +0 spear
  4530 | D:6      | Noticed a +0 falchion
  4531 | D:6      | Noticed a +0 short sword
  4603 | D:6      | Found a snail-covered altar of Cheibriados.
  4677 | D:6      | Found a radiant altar of Vehumet.
  4840 | D:6      | Found a hide-covered altar of Uskayaw.
  4929 | D:7      | Found a runed translucent door.
  4937 | D:7      | Reached *** piety under Qazlal
  4966 | D:7      | Reached skill level 5 in Dodging
  5128 | D:7      | Found a transporter.
  5129 | D:7      | Noticed AutarchDCSS's ghost (novice CoHu)
  5145 | D:7      | Found a transporter.
  5200 | D:7      | Killed AutarchDCSS's ghost
  5323 | D:7      | Reached **** piety under Qazlal
  5678 | D:7      | Found a roughly hewn altar of Beogh.
  5896 | D:8      | Reached XP level 10. HP: 86/86 MP: 10/10
  5922 | D:8      | Found an ancient bone altar of Kikubaaqudgha.
  5943 | D:8      | Noticed Grum
  5956 | D:8      | Killed Grum
  5997 | D:8      | Noticed Gastronok
  5998 | D:8      | Noticed a two-headed ogre
  6003 | D:8      | Killed a two-headed ogre
  6004 | D:8      | Reached skill level 10 in Shields
  6009 | D:8      | Killed Gastronok
  6010 | D:8      | Reached skill level 10 in Axes
  6516 | D:8      | Reached skill level 11 in Axes
  7256 | D:9      | Found a hazy altar of Hepliaklqana.
  7430 | D:9      | Reached skill level 12 in Axes
  7430 | D:9      | Reached XP level 11. HP: 76/92 MP: 11/11
  7517 | D:9      | Reached skill level 13 in Axes
  7602 | D:9      | Noticed Erolcha
  7614 | D:9      | Killed Erolcha
  7697 | D:9      | Found Zasainul's Superior Scales.
  7833 | D:9      | Found a sacrificial altar of Ru.
  8058 | D:10     | Entered Level 10 of the Dungeon
  8100 | D:10     | Reached skill level 14 in Axes
  8123 | D:10     | Reached ***** piety under Qazlal
  8314 | D:10     | Noticed a deep elf pyromancer
  8329 | D:10     | Killed a deep elf pyromancer
  8330 | D:10     | Reached skill level 15 in Axes
  8795 | D:10     | Noticed an orc high priest
  9071 | D:10     | Found a bloodstained altar of Trog.
  9083 | D:10     | Found a shimmering blue altar of Sif Muna.
  9087 | D:10     | Got Sif Muna's Grimoire of the Prime Material
  9326 | D:11     | Noticed a boulder beetle
  9332 | D:11     | Noticed a boulder beetle
  9338 | D:11     | Reached skill level 16 in Axes
  9340 | D:11     | Killed a boulder beetle
  9347 | D:11     | Killed a boulder beetle
  9348 | D:11     | Reached XP level 12. HP: 97/103 MP: 12/12
  9383 | D:11     | Found a staircase to the Lair.
  9395 | D:11     | Noticed a two-headed ogre
  9396 | D:11     | Noticed an ogre mage
  9396 | D:11     | Noticed a two-headed ogre
  9412 | D:11     | Killed a two-headed ogre
  9419 | D:11     | Killed a two-headed ogre
  9426 | D:11     | Killed an ogre mage
  9427 | D:11     | Reached skill level 10 in Fighting
  9642 | Lair:1   | Entered Level 1 of the Lair of Beasts
  9662 | Lair:1   | Noticed Sonja
  9680 | Lair:1   | Killed Sonja
  9705 | Lair:1   | Identified the +1 robe of the Bouncing Scars {rC- Str+6
                  | Dex-5 Stlth+}
  9846 | Lair:1   | Reached skill level 1 in Invocations
 10082 | Lair:1   | Reached skill level 5 in Invocations
 10196 | Lair:1   | Noticed a six-headed hydra
 10210 | Lair:1   | HP: 3/112 [14-headed hydra (9)]
 10210 | Lair:1   | Slain by a 14-headed hydra

Illustrated notes

Levels and vault maps discovered:
D:1:      lightli_arrival_chessboard, layout_loops_ring,
          dreamdust_ecumenical_altar_statues
D:2:      layout_rooms, basic_altar, minmay_misc_feat_roman, uniq_jessica,
          uniq_terence
D:3:      layout_rooms, mainiacjoe_overflow_small_starburst,
          mainiacjoe_overflow_paths, serial_shops, shop, feat_on_display,
          uniq_ijyb
D:4:      layout_basic, grunt_gozag_breadcrumbs, ashenzari_altar_1,
          nemelex_diamond_rough_becter, temple_statues, gup_sewer_entry_pipe
D:5:      layout_cave_pools, okawaru_ov_weapons_minmay,
          chequers_temple_overflow_statue_of_worship,
          amcnicky_mini_corridor_feature, minivault_26,
          serial_library_regret_index_branch_corner
D:6:      cheibrodos_fertilizer, layout_basic, amcnicky_altar_gilded,
          nicolae_uskayaw_en_pointe, mainiacjoe_overflow_alcove_2
D:7:      layout_rooms, nicolae_ossuary_entry_false_entrances,
          gammafunk_ghost_stat_death, st_stairs_5, lightli_church_of_beogh
D:8:      layout_basic, kiku_gazebo_pond_becter, eino_jars, uniq_gastronok,
          uniq_grum
D:9:      layout_loops_cross, nicolae_ru_path_of_blood,
          nicolae_hepliaklqana_hippocampus, hellmonk_scale_shop, uniq_erolcha
D:10:     layout_loops_ring, nzn_overflow_gifts_of_might_and_magic, wad_dig_loot
D:11:     layout_roguey, due_lair_maze_entry_diamond
Lair:1:   layout_loops_ring, uniq_sonja

Skill      XL: |  1  2  3  4  5  6  7  8  9 10 11 12 |
---------------+-------------------------------------+-----
Axes           | 3 4 5 6 8 12 16 | 16.0
Fighting       | 5 7 8 12 | 12.0
Armour         | 5 8 |  8.0
Dodging        | 3 5 |  5.0
Shields        | 8 10 | 10.0
Invocations    | 5 |  5.7

Action                     |  1- 3 |  4- 6 |  7- 9 | 10-12 || total
---------------------------+-------+-------+-------+-------++-------
  Melee: War axe           |    18 |       |   226 |   462 ||   706
         Hand axe          |    44 |   189 |    41 |       ||   274
    Use: Scroll            |       |     3 |    11 |     6 ||    20
         Potion            |       |       |     1 |     1 ||     2
 Armour: Scale mail        |    19 |       |   116 |   173 ||   308
         Chain mail        |    15 |   132 |     9 |       ||   156
  Dodge: Dodged            |    23 |    55 |    88 |    77 ||   243
         Repelled          |       |       |       |     1 ||     1
  Block: Buckler           |     7 |    38 |     3 |       ||    48
         Kite shield       |       |       |    80 |       ||    80
         Tower shield      |       |       |   146 |   480 ||   626

Table legend: (Time is in decaauts)
 A = Elapsed time spent in this place.
 B = Non-inter-level travel time spent in this place.
 C = Inter-level travel time spent in this place.
 D = Time resting spent in this place.
 E = Time spent auto-exploring this place.
 F = Levels seen in this place.
 G = Mean time per level.
                   A        B        C        D        E       F      G
               +--------+--------+--------+--------+--------+-----+--------+
         Total |  10381 |  10127 |    254 |    733 |   7228 |  13 |  798.5 |
       Dungeon |   9468 |   9214 |    254 |    733 |   6600 |  11 |  860.7 |
          Lair |    560 |    560 |      0 |      0 |    374 |   1 |  560.0 |
         Sewer |    352 |    352 |      0 |      0 |    254 |   1 |  352.0 |
               +--------+--------+--------+--------+--------+-----+--------+

Top non-repeatable levels by time:
     D:8: 1492 daAuts
     D:9: 1175 daAuts
     D:4: 1083 daAuts
     D:6: 984 daAuts
     D:7: 936 daAuts
    D:10: 926 daAuts
     D:1: 755 daAuts
     D:3: 645 daAuts
     D:5: 578 daAuts
     D:2: 576 daAuts
  Lair:1: 560 daAuts
   Sewer: 352 daAuts
    D:11: 312 daAuts
